 Dungeon Crawl Stone Soup version 0.30-a0-591-g3c58d2bc28 (webtiles) character file.

Game seed: 16094127089853368965

1186 wormed the Insei (level 8, -4/64 HPs)
             Began as a Gnoll Wanderer on Jan 5, 2023.
             Slain by an orc warrior
             ... wielding a +0 mace
              (9 damage)
             ... on level 5 of the Dungeon.
             The game lasted 00:11:20 (5474 turns).

wormed the Insei (Gnoll Wanderer)                   Turns: 5474, Time: 00:11:21

Health: -4/64      AC: 13    Str: 13    XL:     8   Next: 42%
Magic:  17/17      EV: 10    Int: 14    God:
Gold:   323        SH:  0    Dex: 18    Spells: 18/19 levels left

rFire   . . .      SeeInvis .      - Unarmed
rCold   . . .      Faith    .    (no shield)
rNeg    . . .      Spirit   .    p - +5 scale mail of Dithmenos's Hope {Str+2}
rPois   .          Reflect  .    (no helmet)
rElec   .          Harm     .    (no cloak)
rCorr   .          Rampage  .    r - +0 pair of gloves
Will    .....                    (no boots)
Stlth   +                        (no amulet)
HPRegen 0.30/turn                k - +6 ring of dexterity
MPRegen 0.15/turn                (no ring)

@: no status effects
A: fangs 1, strong nose, distributed training
a: no special abilities


You were on level 5 of the Dungeon.
You visited 2 branches of the dungeon, and saw 6 of its levels.

You collected 323 gold pieces.

Inventory:

Hand Weapons
 o - a +0 dagger of speed
Missiles
 q - 14 poisoned darts (quivered)
Armour
 p - the +5 scale mail of Dithmenos's Hope (worn) {Str+2}
   (You found it on level 2 of the Dungeon)

   Str:       It affects your strength (+2).
 r - a +0 pair of gloves (worn)
Jewellery
 k - a +6 ring of dexterity (left hand)
Scrolls
 a - a scroll of teleportation
 b - a scroll of enchant armour
 e - a scroll of amnesia {unknown}
 f - 2 scrolls of fear
 h - a scroll of fog
 n - a scroll of identify
Potions
 c - a potion of cancellation
 d - 2 potions of curing
 g - 2 potions of brilliance
 j - a potion of mutation


   Skills:
 + Level 5.7 Fighting
 + Level 3.4 Short Blades
 + Level 3.4 Long Blades
 + Level 3.4 Axes
 + Level 3.4 Maces & Flails
 + Level 3.4 Polearms
 + Level 3.4 Staves
 + Level 3.4 Ranged Weapons
 + Level 3.4 Throwing
 + Level 4.3 Armour
 + Level 3.4 Dodging
 + Level 3.4 Stealth
 + Level 3.4 Shields
 + Level 7.4 Unarmed Combat
 + Level 6.1 Spellcasting
 + Level 2.7 Conjurations
 + Level 3.5 Hexes
 + Level 2.7 Summonings
 + Level 2.7 Necromancy
 + Level 2.7 Translocations
 + Level 2.7 Transmutations
 + Level 2.7 Fire Magic
 + Level 2.7 Ice Magic
 + Level 2.7 Air Magic
 + Level 2.7 Earth Magic
 + Level 2.7 Poison Magic
 + Level 3.7 Invocations
 + Level 4.3 Evocations


You had 18 spell levels left.
You knew the following spells:

 Your Spells              Type           Power      Damage    Failure   Level
a - Slow                  Hex            56%        N/A       16%         1

Your spell library contained the following spells:

 Spells                   Type           Power      Damage    Failure   Level
 Shock                    Conj/Air       48%        1d6       22%         1
 Cigotuvi's Dreadful Rot  Necr/Pois/Air  24%        N/A       32%         2
 Poisonous Vapours        Pois/Air       24%        N/A       32%         2
 Portal Projectile        Hex/Tloc       26%        N/A       47%         3
 Mephitic Cloud           Conj/Pois/Air  12%        N/A       54%         3
 Swiftness                Air            12%        N/A       54%         3
 Airstrike                Air            6%         2d(1-17)  91%         4


Dungeon Overview and Level Annotations

Branches:
Dungeon (5/15)             Temple (1/1) D:5

Altars:
Dithmenos
Elyvilon
Gozag
Hepliaklqana
Kikubaaqudgha
Makhleb
Nemelex Xobeh
Okawaru
Qazlal
Ru
Sif Muna
Trog
Uskayaw
Vehumet
Wu Jian
Yredelemnul
Zin
The Shining One

Annotations:
D:3 Edmund
D:4 Ijyb


Innate Abilities, Weirdness & Mutations

You have very sharp teeth.
Your uncanny sense of smell can sniff out nearby items.
Your experience applies equally to all skills.


Message History

You bite the orc warrior, but do no damage.
The orc warrior is heavily wounded.
The orc barely misses you.
The orc warrior hits you but does no damage.
You hit the orc warrior.
The orc warrior is severely wounded.
The orc hits you but does no damage.
The orc warrior hits you with a +0 mace.
You hit the orc warrior but do no damage.
The orc warrior is severely wounded.
The orc barely misses you. The orc hits you but does no damage.
The orc warrior hits you with a +0 mace.
You hit the orc warrior.
You punch the orc warrior, but do no damage.
You bite the orc warrior, but do no damage.
The orc warrior is severely wounded.
The orc hits you but does no damage. The orc closely misses you.
The orc warrior hits you with a +0 mace.
You barely miss the orc warrior.
The orc warrior is severely wounded.
The orc hits you with a +0 hand axe.
* * * LOW HITPOINT WARNING * * *
The orc closely misses you.
The orc warrior hits you with a +0 mace.
* * * LOW HITPOINT WARNING * * *
You hit the orc warrior.
The orc warrior is almost dead.
The orc hits you with a +0 hand axe.
* * * LOW HITPOINT WARNING * * *
The orc warrior hits you with a +0 mace.
* * * LOW HITPOINT WARNING * * *
The orc hits you but does no damage.
You closely miss the orc warrior. You bite the orc warrior.
The orc warrior is almost dead.
You hit the orc warrior.
You bite the orc warrior, but do no damage.
The orc warrior is almost dead.
The orc barely misses you. The orc misses you.
The orc warrior hits you with a +0 mace!
You die...

### #### ∆ ..# ##...## # #.#
#.# #.####.# #.# #########.#
#Soo@o.# #.# ### #.#
..........###.###o## #.# ..#
#.# #####.......o.....# #.#
#.# #.# #>###.#..###..# #.#
#.# #.# #.##.....###..#####.#
#.# #.# #.#......##.........#
#.# #)#
......^..!......###.o###.###<#
##...............[...........#
#..............###.##........


You could see an orc warrior, an adder and 3 orcs.

Vanquished Creatures
  Grinder (D:4)
  Sigmund (D:4)
  Menkaure (D:4)
  A black bear (D:5)
  2 scorpions
  2 hounds (D:4)
  2 orc priests
  A jelly (D:5)
  3 orc wizards
  3 iguanas
  3 gnolls (D:4)
  7 adders
  A worm (D:3)
  4 dart slugs
  12 orcs
  5 ball pythons
  3 bats
  4 endoplasms
  3 giant cockroaches
  12 goblins
  8 hobgoblins
  8 jackals
  8 kobolds
  6 quokkas
  3 frilled lizards
  12 rats
116 creatures vanquished.

Notes
Turn   | Place    | Note
-------+----------+-------------------------------------------
     0 | D:1      | wormed the Gnoll Wanderer began the quest for the Orb.
     0 | D:1      | wormed set off with the following items: a +0 club, a
                  | potion of haste, a +0 scale mail, a potion of heal wounds,
                  | a potion of invisibility; and the following spell
                  | memorised: Slow; and the following spells available to
                  | memorise: Portal Projectile.
     0 | D:1      | Reached XP level 1. HP: 20/20 MP: 6/6
   205 | D:1      | Reached XP level 2. HP: 19/26 MP: 7/7
   518 | D:1      | Reached skill level 5 in Spellcasting
   518 | D:1      | Reached XP level 3. HP: 27/31 MP: 7/9
  1008 | D:2      | Reached skill level 1 in Invocations
  1202 | D:2      | Found a faded altar of an unknown god.
  1306 | D:2      | Reached skill level 1 in Short Blades
  1306 | D:2      | Reached skill level 1 in Long Blades
  1306 | D:2      | Reached skill level 1 in Axes
  1306 | D:2      | Reached skill level 1 in Maces & Flails
  1306 | D:2      | Reached skill level 1 in Polearms
  1306 | D:2      | Reached skill level 1 in Staves
  1306 | D:2      | Reached skill level 1 in Ranged Weapons
  1306 | D:2      | Reached skill level 1 in Throwing
  1306 | D:2      | Reached skill level 1 in Dodging
  1306 | D:2      | Reached skill level 1 in Stealth
  1306 | D:2      | Reached skill level 1 in Shields
  1440 | D:2      | Identified the +5 scale mail of Dithmenos's Hope {Str+2}
  1661 | D:2      | Reached XP level 4. HP: 32/38 MP: 11/11
  2162 | D:3      | Reached skill level 1 in Conjurations
  2162 | D:3      | Reached skill level 1 in Summonings
  2162 | D:3      | Reached skill level 1 in Necromancy
  2162 | D:3      | Reached skill level 1 in Translocations
  2162 | D:3      | Reached skill level 1 in Transmutations
  2162 | D:3      | Reached skill level 1 in Fire Magic
  2162 | D:3      | Reached skill level 1 in Ice Magic
  2162 | D:3      | Reached skill level 1 in Air Magic
  2162 | D:3      | Reached skill level 1 in Earth Magic
  2162 | D:3      | Reached skill level 1 in Poison Magic
  2168 | D:3      | Noticed a scorpion
  2232 | D:3      | Killed a scorpion
  2233 | D:3      | Reached XP level 5. HP: 17/43 MP: 12/12
  2858 | D:4      | Noticed Edmund
  3038 | D:3      | Reached XP level 6. HP: 9/50 MP: 13/13
  3289 | D:4      | Noticed Sigmund
  3311 | D:4      | Noticed Menkaure
  3352 | D:5      | Entered Level 5 of the Dungeon
  3385 | D:5      | Reached skill level 5 in Fighting
  3672 | D:5      | Noticed an orc warrior
  3949 | D:4      | Noticed Grinder
  3958 | D:4      | Paralysed by Grinder for 5 turns
  3984 | D:4      | Paralysed by Grinder for 4 turns
  3990 | D:4      | Paralysed by Grinder for 4 turns
  4004 | D:4      | Killed Grinder
  4005 | D:4      | Reached skill level 7 in Unarmed Combat
  4005 | D:4      | Reached XP level 7. HP: 27/56 MP: 15/15
  4151 | D:4      | Killed Sigmund
  4663 | D:4      | Killed Menkaure
  4664 | D:4      | Reached XP level 8. HP: 40/63 MP: 16/16
  5011 | D:4      | Noticed Ijyb
  5062 | D:5      | Found a staircase to the Ecumenical Temple.
  5085 | Temple   | Entered the Ecumenical Temple
  5474 | D:5      | Slain by an orc warrior

Illustrated notes

Levels and vault maps discovered:
D:1:      psy_arrival_terrarium, layout_loops_ring, corexii_hall_statues_deadend
D:2:      layout_loops_ring, chequers_ecumenical_altar_island
D:3:      layout_basic, grunt_ministairs_12, minmay_misc_feat_roman,
          lightli_corner_chamber
D:4:      layout_cave_pools, kennysheep_orc_chapel, uniq_edmund, uniq_grinder,
          uniq_sigmund, uniq_ijyb, uniq_menkaure
D:5:      layout_loops_ring, minmay_temple_entry_wispy
Temple:   nicolae_temple_bog_church

Skill      XL: |  1  2  3  4  5  6  7  8 |
---------------+-------------------------+-----
Hexes          | 2 3 |  3.5
Spellcasting   | 5 6 |  6.1
Invocations    | 1 2 3 |  3.7
Short Blades   | 1 2 3 |  3.4
Long Blades    | 1 2 3 |  3.4
Axes           | 1 2 3 |  3.4
Maces & Flails | 1 2 3 |  3.4
Polearms       | 1 2 3 |  3.4
Staves         | 1 2 3 |  3.4
Ranged Weapons | 1 2 3 |  3.4
Throwing       | 1 2 3 |  3.4
Dodging        | 1 2 3 |  3.4
Stealth        | 1 2 3 |  3.4
Shields        | 1 2 3 |  3.4
Conjurations   | 1 2 |  2.7
Summonings     | 1 2 |  2.7
Necromancy     | 1 2 |  2.7
Translocations | 1 2 |  2.7
Transmutations | 1 2 |  2.7
Fire Magic     | 1 2 |  2.7
Ice Magic      | 1 2 |  2.7
Air Magic      | 1 2 |  2.7
Earth Magic    | 1 2 |  2.7
Poison Magic   | 1 2 |  2.7
Armour         | 3 4 |  4.3
Evocations     | 3 4 |  4.3
Fighting       | 5 |  5.7
Unarmed Combat | 7 |  7.4

Action                   |  1- 3 |  4- 6 |  7- 9 || total
-------------------------+-------+-------+-------++-------
Melee: Club              |   193 |       |       ||   193
       Punch             |     7 |    17 |    12 ||    36
       Bite              |    14 |    58 |    23 ||    95
       Dagger            |     8 |   385 |       ||   393
       Unarmed           |       |    25 |   172 ||   197
Throw: Dart              |       |     5 |       ||     5
 Cast: Slow              |     1 |     6 |       ||     7
  Use: Scroll            |     5 |     7 |     2 ||    14
       Potion            |       |     4 |     3 ||     7
Armor: Scale mail        |    90 |   150 |    89 ||   329
Dodge: Dodged            |   111 |   142 |    76 ||   329

Table legend: (Time is in decaauts)
 A = Elapsed time spent in this place.
 B = Non-inter-level travel time spent in this place.
 C = Inter-level travel time spent in this place.
 D = Time resting spent in this place.
 E = Time spent auto-exploring this place.
 F = Levels seen in this place.
 G = Mean time per level.
                   A        B        C        D        E       F      G
               +--------+--------+--------+--------+--------+-----+--------+
         Total |   5300 |   5071 |    229 |    146 |   3384 |   6 |  883.3 |
       Dungeon |   5081 |   4861 |    220 |    146 |   3197 |   5 | 1016.2 |
        Temple |    219 |    210 |      9 |      0 |    186 |   1 |  219.0 |
               +--------+--------+--------+--------+--------+-----+--------+

Top non-repeatable levels by time:
     D:4: 1370 daAuts
     D:3: 1160 daAuts
     D:2: 1032 daAuts
     D:1: 952 daAuts
     D:5: 566 daAuts
  Temple: 219 daAuts
